 Dungeon Crawl Stone Soup version 0.20.0-10-g0535bb4 (webtiles) character file.

5513 Gargoyl the Cleaver (level 10, -1/84 HPs)
             Began as a White Draconian Abyssal Knight on June 5, 2017.
             Was a Priest of Lugonu.
             Slain by a wolf (11 damage)
             ... led by Grum
             ... on level 9 of the Dungeon.
             The game lasted 00:18:52 (12553 turns).

Gargoyl the Cleaver (DrAK)                         Turns: 12553, Time: 00:18:52

Health: -1/84      AC: 11    Str: 17    XL:     10   Next: 43%
Magic:  16/16      EV: 14    Int: 12    God:    Lugonu [***...]
Gold:   576        SH:  9    Dex: 12    Spells: 9/9 levels left

rFire    + . .     SeeInvis +   a - +2 hand axe
rCold    + + .     Gourm    +   u - +0 shield
rNeg     . . .     Faith    .   (armour unavailable)
rPois    .         Spirit   .   (helmet restricted)
rElec    .         Reflect  .   h - +0 cloak
rCorr    .         Harm     .   d - +1 pair of gloves
MR       +....                  x - +0 pair of boots
Stlth    +.........             v - amulet of the gourmand
Regen    0.3/turn               A - ring of protection from fire
MPRegen  0.2/turn               E - ring of protection from cold

@: no status effects
A: breathe frost, unfitting armour, see invisible, blink, cold resistance 1,
magic resistance 1, wild magic 1, cold-blooded, AC +7
a: Breathe Frost, Blink, Depart the Abyss, Bend Space, Banish, Renounce Religion


You were on level 9 of the Dungeon.
You worshipped Lugonu.
Lugonu was most pleased with you.
You were very full.

You visited 1 branch of the dungeon, and saw 11 of its levels.
You visited the Abyss 1 time.
You also visited: Ossuary.

You collected 691 gold pieces.
You spent 115 gold pieces at shops.

Inventory:

Hand Weapons
 a - a +2 hand axe (weapon)
 y - a +1 trident of freezing
Armour
 d - a +1 pair of gloves (worn)
 h - a +0 cloak (worn)
 u - a +0 shield (worn)
 x - a +0 pair of boots (worn)
Jewellery
 v - an amulet of the gourmand (around neck)
 A - a ring of protection from fire (left hand)
 E - a ring of protection from cold (right hand)
Wands
 c - a wand of digging (7/24)
 C - a wand of random effects (11/48)
 D - a wand of flame (26/48)
Scrolls
 j - a scroll of teleportation
 k - 3 scrolls of amnesia
 o - 5 scrolls of identify
 p - 3 scrolls of remove curse
 w - a scroll of magic mapping
Potions
 g - 2 potions of haste {unknown}
 i - 2 potions of brilliance
 l - 2 potions of agility
 n - a potion of invisibility {unknown}
 q - a potion of ambrosia
 r - a potion of magic {unknown}
 s - 2 potions of degeneration {unknown}
 z - a potion of might {unknown}
 B - a potion of cancellation {unknown}
Books
 F - a book of Conjurations

   Spells                             Type                      Level
   a - Magic Dart                     Conjuration                  1
   b - Searing Ray                    Conjuration                  2
   c - Dazzling Spray                 Conjuration/Hexes            3
   d - Fulminant Prism                Conjuration/Hexes            4
   e - Force Lance                    Conjuration/Translocation    4
   f - Iskenderun's Mystic Blast      Conjuration                  4
Comestibles
 b - 6 bread rations
 f - 3 royal jellies
 m - 5 fruits
 t - 4 meat rations
 G - 3 chunks of flesh


   Skills:
 + Level 6.7 Fighting
 + Level 8.6 Axes
 * Level 8.3 Dodging
 + Level 4.4 Shields
 * Level 8.0 Invocations


You had 9 spell levels left.
You didn't know any spells.

Dungeon Overview and Level Annotations

Branches:
Dungeon (11/15)            Temple (0/1) D:7
   Lair: D:8-11         Orc: D:9-12

Altars:
Cheibriados
Fedhas
Gozag
Hepliaklqana
Kikubaaqudgha
Nemelex Xobeh
Sif Muna
Trog
Uskayaw
Vehumet
Yredelemnul
Zin

Shops:
D:4 *   D:8 (

Annotations:
D:5 Menkaure
Abyss:1 Blork the orc, Duvessa


Innate Abilities, Weirdness & Mutations

You can breathe waves of freezing cold.
You can buffet flying creatures when you breathe cold.
Your icy white scales are hard. (AC +7)
You cannot fit into any form of body armour.
Your flesh is cold resistant. (rC+)
You are cold-blooded and may be slowed by cold attacks.
You have supernaturally acute eyesight. (SInv)
You can translocate small distances at will.
You are resistant to hostile enchantments. (MR+)
Your spells are a little harder to cast, but a little more powerful.


Message History

The wolf bites you but does no damage.
You hit the wolf.
The wolf is lightly wounded.
The wolf misses you. The wolf barely misses you.
You hit the wolf.
The wolf is moderately wounded.
The wolf bites you but does no damage.
You closely miss the wolf.
The wolf is moderately wounded.
The wolf bites you but does no damage. You block the wolf's attack.
You closely miss the wolf.
The wolf is moderately wounded.
You block the wolf's attack. The wolf bites you but does no damage.
You closely miss the wolf.
The wolf is moderately wounded.
You block the wolf's attack.
You hit the wolf.
The wolf is heavily wounded.
The wolf bites you!
You die...

#........
#........
#........
.........
#........
+........
########[.......
#..@hl.........[
#.#####.........
#.# #......... #.#
#......... #.#
#.######## #.# #.#
#.########
#........#
########.##......#


You could see a wolf and an iguana.

Vanquished Creatures
  2 hippogriffs
  A wyvern (D:6)
  Edmund (D:4)
  A water moccasin (D:7)
  A porcupine (D:9)
  An orc warrior (D:6)
  2 ice beasts
  3 sky beasts
  2 phantoms
  A hornet zombie (D:8)
  3 wolves (D:9)
  3 ogres
  A crocodile (D:9)
  6 centaurs
  3 elf zombies (Ossuary)
  2 bullfrogs
  2 scorpions
  Dowan (D:6)
  3 killer bees (D:9)
  2 bullfrog zombies (D:6)
  3 crimson imps
  6 centaur zombies (Ossuary)
  2 quasits (D:7)
  Crazy Yiuf (D:2)
  3 human zombies (Ossuary)
  3 jellies
  5 orc wizards
  4 hounds
  2 centaur skeletons (D:6)
  4 orc priests
  Jessica (D:2)
  2 bullfrog skeletons
  An iguana (D:5)
  4 worker ants
  2 hound skeletons
  4 mummies
  13 adders
  4 gnolls (D:5)
  A shadow imp (D:5)
  An adder zombie (D:4)
  3 worms
  3 dart slugs (D:1)
  3 leopard geckos
  20 orcs
  2 giant cockroaches
  6 goblins
  5 hobgoblins
  7 jackals
  2 quokkas (D:2)
  7 bats
  6 frilled lizards
  A goblin zombie (D:4)
  A hobgoblin zombie (D:4)
  A jackal skeleton (D:6)
  12 kobolds
  A leopard gecko skeleton (D:6)
  A quokka skeleton (D:4)
  A quokka zombie (D:6)
  7 rats
196 creatures vanquished.

Vanquished Creatures (others)
  A manticore (D:7)
  A hungry ghost (D:7)
  A porcupine (D:9)
  An orc warrior (D:6)
  4 plants (D:9)
8 creatures vanquished.

Grand Total: 204 creatures vanquished

Notes
Turn   | Place    | Note
-------+----------+-------------------------------------------
     0 | Abyss:1  | Gargoyl the Draconian Abyssal Knight began the quest for the Orb.
     0 | Abyss:1  | Reached XP level 1. HP: 19/19 MP: 2/2
    70 | D:1      | Escaped the Abyss
   424 | D:1      | Reached * piety under Lugonu
   524 | D:1      | Reached XP level 2. HP: 21/26 MP: 3/3
   899 | D:2      | Reached XP level 3. HP: 30/33 MP: 4/4
   929 | D:2      | Noticed Jessica
   939 | D:2      | Killed Jessica
  1057 | D:2      | Reached XP level 4. HP: 27/40 MP: 5/5
  1293 | D:2      | Found an opulent altar of Gozag.
  1686 | D:2      | Found a runed door.
  1827 | D:2      | Noticed Crazy Yiuf
  1837 | D:2      | Killed Crazy Yiuf
  2214 | D:3      | Reached XP level 5. HP: 43/46 MP: 7/7
  2341 | D:3      | Reached ** piety under Lugonu
  2661 | D:4      | Found a sand-covered staircase.
  2672 | Ossuary  | Entered an ossuary
  2867 | Ossuary  | Reached XP level 6. HP: 34/52 MP: 8/8
  3320 | Ossuary  | Your scales start taking on an icy white colour.
  3320 | Ossuary  | Reached XP level 7. HP: 45/60 MP: 8/10
  3320 | Ossuary  | Gained mutation: Your flesh is cold resistant. (rC+) [White Draconian growth]
  3353 | Ossuary  | Reached skill level 5 in Axes
  4050 | D:4      | Found Raisogga's Assorted Antiques.
  4082 | D:4      | Bought a dented platinum amulet for 115 gold pieces
  4464 | D:5      | Entered Level 5 of the Dungeon
  4672 | D:5      | Noticed Edmund
  4673 | D:5      | Noticed Menkaure
  4813 | D:4      | Killed Edmund
  4813 | D:4      | Reached skill level 5 in Dodging
  4885 | D:4      | Reached skill level 5 in Fighting
  4885 | D:4      | Reached XP level 8. HP: 25/68 MP: 11/11
  5175 | D:5      | Reached *** piety under Lugonu
  5297 | D:5      | Reached skill level 1 in Shields
  5869 | D:6      | Reached skill level 5 in Invocations
  6749 | D:6      | Noticed Duvessa
  6749 | D:6      | Noticed Blork the orc
  6751 | D:6      | Noticed Dowan
  6778 | D:6      | Banished Blork the orc
  6781 | D:6      | HP: 2/70 [Duvessa/rapier of venom (7)]
  6785 | D:6      | Killed Dowan
  6789 | D:6      | Banished Duvessa
  7131 | D:6      | Reached XP level 9. HP: 75/75 MP: 13/13
  7806 | D:6      | Found a hide-covered altar of Uskayaw.
  7813 | D:6      | Found a hazy altar of Hepliaklqana.
  7818 | D:6      | Found a sparkling altar of Nemelex Xobeh.
  7825 | D:6      | Found a radiant altar of Vehumet.
  7830 | D:6      | Found a snail-covered altar of Cheibriados.
  7841 | D:6      | Found a bloodstained altar of Trog.
  7848 | D:6      | Found a glowing silver altar of Zin.
  8983 | D:7      | Gained mutation: You have supernaturally acute eyesight. (SInv) [mutagenic meat]
  8984 | D:7      | Gained mutation: You can translocate small distances at will. [mutagenic meat]
  8985 | D:7      | Gained mutation: You are clumsy. (Dex -2) [mutagenic meat]
  8986 | D:7      | Gained mutation: You are robust. (+10% HP) [mutagenic meat]
  8987 | D:7      | Gained mutation: Your mind is acute. (Int +2) [mutagenic meat]
  9224 | D:7      | Found a deep blue altar of Sif Muna.
  9289 | D:7      | Noticed a manticore
  9297 | D:7      | HP: 1/82 [manticore (4)]
  9301 | D:7      | Banished a manticore
  9815 | D:7      | Found a staircase to the Ecumenical Temple.
  9880 | D:7      | Found a basalt altar of Yredelemnul.
 10179 | D:8      | You fall through a shaft for 3 floors!
 10449 | D:10     | Entered Level 10 of the Dungeon
 10569 | D:9      | Reached XP level 10. HP: 78/92 MP: 15/15
 10575 | D:9      | Gained mutation: You occasionally shout uncontrollably at your foes. [mutagenic meat]
 10576 | D:9      | Lost mutation: You occasionally shout uncontrollably at your foes. [mutagenic meat]
 10590 | D:9      | Lost mutation: You are robust. (+10% HP) [potion of mutation]
 10590 | D:9      | Lost mutation: You are clumsy. (Dex -2) [potion of mutation]
 10590 | D:9      | Lost mutation: Your mind is acute. (Int +2) [potion of mutation]
 10590 | D:9      | Gained mutation: Your spells are a little harder to cast, but a little more powerful. [potion of mutation]
 10590 | D:9      | Gained mutation: You are resistant to hostile enchantments. (MR+) [potion of mutation]
 10591 | D:9      | HP: 1/84 [yak (11)]
 11817 | D:8      | Found Vaoq's Weapon Emporium.
 11997 | D:8      | Found an ancient bone altar of Kikubaaqudgha.
 11999 | D:8      | Found a blossoming altar of Fedhas.
 12553 | D:9      | Slain by a wolf

Skill      XL: |  1  2  3  4  5  6  7  8  9 10 |
---------------+-------------------------------+-----
Dodging        | 3 4 5 6 7 8 |  8.3
Axes           | 3 4 5 6 7 8 |  8.6
Invocations    | 3 4 5 7 8 |  8.0
Fighting       | 4 5 6 |  6.7
Shields        | 2 3 4 |  4.4

Action                   |  1- 3 |  4- 6 |  7- 9 | 10-12 || total
-------------------------+-------+-------+-------+-------++-------
Melee: Hand axe          |    79 |   244 |   562 |   183 ||  1068
       Tailslap          |     6 |    37 |    76 |    23 ||   142
       Trident           |       |       |     1 |       ||     1
Invok: Depart the Abyss  |     1 |       |       |       ||     1
       Banish            |       |       |     7 |     1 ||     8
 Abil: Breathe Frost     |       |       |    32 |     5 ||    37
Evoke: Wand              |       |       |     1 |       ||     1
  Use: Scroll            |       |     7 |     7 |     1 ||    15
       Potion            |       |     2 |     6 |     3 ||    11
 Stab: Sleeping          |     1 |       |       |       ||     1
  Eat: Chunk             |       |     6 |    50 |     9 ||    65
       Bread ration      |       |     1 |     2 |       ||     3
Armor: Skin              |    25 |    89 |   189 |    65 ||   368
Dodge: Dodged            |    54 |   172 |   329 |   118 ||   673
Block: Shield            |       |       |   234 |    94 ||   328
